 Dungeon Crawl Stone Soup version 0.29-a0-340-g6efceafd81 (webtiles) character file.

Game seed: 407150114801258473

423 spaghetti the Skirmisher (level 6, -10/66 HPs)
             Began as an Ogre Chaos Knight on Apr 19, 2022.
             Was a Plaything of Xom.
             Mangled by Menkaure (22 damage)
             ... on level 5 of the Dungeon.
             The game lasted 00:05:28 (3980 turns).

spaghetti the Skirmisher (Ogre Chaos Knight)        Turns: 3980, Time: 00:05:31

Health: -10/66     AC:  7    Str: 17    XL:     6   Next: 95%
Magic:  0/6        EV:  7    Int: 13    God:    Xom [.....*]
Gold:   329        SH: 10    Dex: 10    Spells: 4/5 levels left

rFire   . . .      SeeInvis .   a - +0 mace (chaos) {mace}
rCold   + + .      Faith    .   y - +0 tower shield
rNeg    . . .      Spirit   .   r - +2 robe {rC+}
rPois   .          Reflect  .   (helmet restricted)
rElec   .          Harm     .   (no cloak)
rCorr   .          Rampage  .   (gloves unavailable)
Will    .....                   (boots unavailable)
Stlth   +.........              g - amulet of the acrobat
HPRegen 1.01/turn               p - ring of protection from cold
MPRegen 0.10/turn               (no ring)

@: very slightly contaminated
A: large, unfitting armour, tough skin 1, hooves 1, horns 1, iridescent scales
1, regeneration 1
a: Renounce Religion


You were on level 5 of the Dungeon.
You worshipped Xom.
You were Xom's teddy bear.
You visited 1 branch of the dungeon, and saw 5 of its levels.

You collected 329 gold pieces.


Innate Abilities, Weirdness & Mutations

You are too large for most types of armour.
You have tough skin. (AC +1)
You have large cloven feet.
You have a pair of small horns on your head.
You are partially covered in iridescent scales. (AC +2)
Your natural rate of healing is unusually fast.


   Skills:
 + Level 5.5 Fighting
 - Level 2.6 Maces & Flails
 - Level 2.5 Dodging
 * Level 1.7 Shields
 - Level 5.0 Conjurations


You had 4 spell levels left.
You knew the following spells:

 Your Spells              Type           Power      Damage    Failure   Level
a - Magic Dart            Conj           52%        1d5       32%         1

Your spell library contained the following spells:

 Spells                   Type           Power      Damage    Failure   Level
 Searing Ray              Conj           26%        2d5       43%         2
 Slow                     Hex            0%         N/A       94%         1
 Confusing Touch          Hex            0%         N/A       100%        3
 Gell's Gravitas          Tloc           0%         N/A       100%        3
 Lesser Beckoning         Tloc           0%         N/A       100%        3
 Teleport Other           Tloc           0%         N/A       100%        3
 Vampiric Draining        Necr           0%         2d6       100%        3
 Fulminant Prism          Conj/Hex       3%         3d6       100%        4

Inventory:

Hand Weapons
 a - a +0 mace of chaos (weapon) {mace}
 m - a +0 giant club {mace}
   (You took it off an ogre on level 4 of the Dungeon)
Missiles
 e - 6 poisoned darts {throwing}
 k - 105 stones {throwing}
 A - 2 atropa-tipped darts {throwing}
Armour
 i - a +0 kite shield
   (You found it on level 1 of the Dungeon)
 r - a +2 robe of cold resistance (worn)
   (Xom gifted it to you on level 3 of the Dungeon)
 y - a +0 tower shield (worn)
   (You found it on level 4 of the Dungeon)
Magical Staves
 f - a staff of fire {!astaff}
   (You found it on level 1 of the Dungeon)
Jewellery
 g - an amulet of the acrobat (around neck)
   (You found it on level 1 of the Dungeon)
 h - a ring of flight
   (You took it off a kobold on level 1 of the Dungeon)
 p - a ring of protection from cold (left hand)
   (You found it on level 4 of the Dungeon)
Wands
 x - a wand of mindburst (7)
   (You found it on level 4 of the Dungeon)
Scrolls
 b - a scroll of fear {unknown}
 j - 4 scrolls of magic mapping {unknown}
 l - 5 scrolls of identify {unknown}
 n - 3 scrolls of blinking {unknown}
 o - a scroll of fog {unknown}
 s - a scroll of enchant weapon {unknown}
 v - 3 scrolls of teleportation {unknown}
 w - a scroll of noise {unknown}
Potions
 d - a potion of haste {@q3}
 q - a potion of resistance {unknown}
 t - a potion of mutation {unknown}
 u - a potion of cancellation {unknown}
 z - 3 potions of curing {@q1}
 B - a potion of flight {unknown}
Miscellaneous
 c - a piece from Xom's chessboard (15/15)

Dungeon Overview and Level Annotations

Branches:
Dungeon (5/15)
 Temple: D:4-7

Altars:
Fedhas
Hepliaklqana
Nemelex Xobeh
Wu Jian
Xom

Shops:
D:3 (   D:5 *

Annotations:
D:5 Menkaure

#...#.... .......
.......#...#.... .......
.......#...#.... .......
.......#...#.... ...)...
>......#...#....
#.....#.......#...'....
#.............#...#....
#...#M..#.....#...#....
.###..#@#......#...#....
......55.......#...#####
......#.#......#....#...
#....#...#.....#....#...
#..............#....#...
#..............#..[.#...
#..............#....#...
#..............###.##...
#.....####'#######.##...


You could see Menkaure (fast, strong, ally target), a friendly quasit (summoned)
and a friendly shadow imp (summoned).


Message History

The magic dart hits the adder.
The adder hisses angrily. 😎 MP[-1]
You lost 1 mp, and now have 4/6 mp.
The magic dart hits the adder.
The magic dart hits the adder. 😎 MP[-2]
You lost 2 mp, and now have 2/6 mp.
The magic dart hits the adder.
You kill the adder!
No target in view!
No target in view!
No target in view!
No target in view! 😎 MP[-1]
You lost 1 mp, and now have 1/6 mp.
No target in view!
No target in view!
No target in view!
No target in view!
No target in view!
No target in view!
No target in view!
No target in view!
No target in view!
No target in view!
No target in view!
No target in view!
No target in view!
No target in view!
No target in view!
No target in view!
Your magical contamination has completely faded away.
Unknown command. 😎 MP[+1]
You see here a +0 glaive {polearm}.
You now have 313 gold pieces (gained 17).
Key pressed, stopping explore.
You open the door.
Found Josmygg's Assorted Antiques.
There is an open door here. 😎 MP[+4]
Your mp is fully restored (6).
Found a stone staircase leading down.
Found a stone staircase leading down.
You now have 329 gold pieces (gained 16).
B - a purple potion
There is an entrance to Josmygg's Assorted Antiques here.
Menkaure, Prince of Dust comes into view.
The magic dart hits Menkaure. 😎 MP[-1]
You lost 1 mp, and now have 5/6 mp.
You miscast Magic Dart.
You are very lightly contaminated with residual magic.
Nothing appears to happen.
Menkaure casts a spell.
Menkaure seems to speed up. 😎 MP[-1]
You lost 1 mp, and now have 4/6 mp.
Okay, then.
Okay, then.
Aiming: Magic Dart (safe; 32% risk of failure)
Press: ? - help, Q - select action, (/) - cycle Shift-Dir - straight line, f/p - Menkaure
Aim: Menkaure (lightly damaged, fast, 100% to hit)
You miscast Magic Dart.
Nothing appears to happen. 😎 MP[-1]
You lost 1 mp, and now have 3/6 mp.
Aiming: Magic Dart (safe; 32% risk of failure)
Press: ? - help, Q - select action, (/) - cycle Shift-Dir - straight line, f/p - Menkaure
Aim: Menkaure (lightly damaged, fast, 100% to hit)
The magic dart hits Menkaure. 😎 MP[-1]
You lost 1 mp, and now have 2/6 mp.
Aiming: Magic Dart (safe; 32% risk of failure)
Press: ? - help, Q - select action, (/) - cycle Shift-Dir - straight line, f/p - Menkaure
Aim: Menkaure (lightly damaged, fast, 100% to hit)
The magic dart hits Menkaure. 😎 MP[-1]
You lost 1 mp, and now have 1/6 mp.
Aiming: Magic Dart (safe; 32% risk of failure)
Press: ? - help, Q - select action, (/) - cycle Shift-Dir - straight line, f/p - Menkaure
Aim: Menkaure (moderately damaged, fast, 100% to hit)
The magic dart hits Menkaure. 😎 MP[-1]
You lost 1 mp, and now have 0/6 mp.
You hit Menkaure.
Menkaure seems to grow stronger.
Xom momentarily opens a gate.
You block Menkaure's attack.
Menkaure calls on the powers of darkness!
Your body is wracked with pain! 😮 HP[-32]
You take 32 damage, and now have 34/66 hp.
MASSIVE DAMAGE!! (PAUSE) Unknown command.
You barely miss Menkaure. Your kick misses Menkaure. Menkaure hits you!!
* * * LOW HITPOINT WARNING * * *
Menkaure hits you!!
You die...
Xom howls with laughter!

Skill      XL: |  1  2  3  4  5  6 |
---------------+-------------------+-----
Fighting       | 5 |  5.5
Conjurations   | 1 4 5 |  5.0
Shields        | 1 |  1.7
Maces & Flails | |  2.6
Dodging        | |  2.5

Action                   |  1- 3 |  4- 6 || total
-------------------------+-------+-------++-------
Melee: Mace              |    89 |    81 ||   170
       Headbutt          |       |     4 ||     4
       Kick              |       |     6 ||     6
 Cast: Magic Dart        |     1 |    34 ||    35
Evoke: Piece from Xom's  |     2 |       ||     2
  Use: Potion            |       |     5 ||     5
Armor: Robe              |    41 |    23 ||    64
Dodge: Dodged            |    51 |    35 ||    86
Block: Kite shield       |     9 |    22 ||    31
       Tower shield      |       |     2 ||     2

Levels and vault maps discovered:
D:1:      roderic_chinese_lattice_arrival, layout_basic
D:2:      layout_basic
D:3:      layout_loops_cross, mainiacjoe_overflow_chevrons,
          lemuel_crystal_altar, nicolae_overflow_ecumenical_swirl, serial_shops,
          nicolae_square_shop, shapermc_ecumenical_altar_notcrosses
D:4:      layout_basic, kennysheep_mini, serial_glass, glass_columns_b,
          glass_columns_b, uniq_sigmund
D:5:      layout_gridville, mainiacjoe_overflow_concentric_impassable,
          serial_shops, shop, nicolae_shop_advertising_works
          [nicolae_subvault_shop_adworks], lexackson_kobold_supper,
          uniq_menkaure

Notes
Turn   | Place    | Note
-------+----------+-------------------------------------------
     0 | D:1      | spaghetti the Ogre Chaos Knight began the quest for the
                  | Orb.
     0 | D:1      | Reached XP level 1. HP: 24/24 MP: 1/1
     0 | D:1      | magus.rc [v1.9.6]
    88 | D:1      | XOM: divination: detect creatures
   109 | D:1      | XOM: divination: detect items
   156 | D:1      | XOM: divination: detect items
   223 | D:1      | Reached XP level 2. HP: 33/33 MP: 2/2
   581 | D:1      | XOM: scenery: create altars
   622 | D:1      | You pick up a book of Debilitation and begin reading...
   622 | D:1      | You add the spells Slow, Vampiric Draining and Confusing
                  | Touch to your library.
   644 | D:1      | Reached skill level 5 in Fighting
   657 | D:1      | XOM: potion effect (curing)
   666 | D:1      | Reached XP level 3. HP: 32/42 MP: 3/3
   681 | D:1      | XOM: noise
   761 | D:1      | You pick up a book of Conjurations {@e2} and begin
                  | reading...
   761 | D:1      | You add the spells Magic Dart, Searing Ray and Fulminant
                  | Prism to your library.
   792 | D:1      | Learned a level 1 spell: Magic Dart
   890 | D:1      | XOM: divination: detect items
  1334 | D:2      | Reached skill level 1 in Conjurations
  1374 | D:2      | Reached XP level 4. HP: 43/50 MP: 4/4
  1496 | D:2      | Reached skill level 2 in Conjurations
  1598 | D:2      | XOM: noise
  1998 | D:3      | Found Edasica's Antique Weapon Boutique.
  2040 | D:3      | Found a faded altar of an unknown god.
  2044 | D:3      | Found an ornate altar of the Wu Jian Council.
  2071 | D:3      | XOM: god gift: +2 robe of cold resistance
  2098 | D:3      | XOM: give mutations
  2098 | D:3      | Gained mutation: You are partially covered in iridescent
                  | scales. (AC +2) [Xom's grace]
  2098 | D:3      | Gained mutation: You have a pair of small horns on your
                  | head. [Xom's grace]
  2109 | D:3      | Found a faded altar of an unknown god.
  2194 | D:3      | Found a hazy altar of Hepliaklqana.
  2208 | D:3      | You pick up a book of Displacement and begin reading...
  2208 | D:3      | You add the spells Lesser Beckoning, Gell's Gravitas and
                  | Teleport Other to your library.
  2239 | D:3      | Found a blossoming altar of Fedhas.
  2427 | D:3      | XOM: give mutations
  2427 | D:3      | Gained mutation: You have large cloven feet. [Xom's grace]
  2427 | D:3      | Gained mutation: Your natural rate of healing is unusually
                  | fast. [Xom's grace]
  2690 | D:4      | Noticed Sigmund
  2721 | D:4      | Killed Sigmund
  2722 | D:4      | Reached skill level 4 in Conjurations
  2722 | D:4      | Reached XP level 5. HP: 20/57 MP: 5/5
  2722 | D:4      | Reached XP level 6. HP: 23/66 MP: 6/6
  2883 | D:4      | Reached skill level 5 in Conjurations
  3068 | D:4      | XOM: enchant monster (good)
  3070 | D:4      | Reached skill level 1 in Shields
  3391 | D:4      | Found a sparkling altar of Nemelex Xobeh.
  3705 | D:5      | Entered Level 5 of the Dungeon
  3962 | D:5      | Found Josmygg's Assorted Antiques.
  3972 | D:5      | Noticed Menkaure
  3979 | D:5      | XOM: summons 3 friendly demons
  3980 | D:5      | HP: 12/66 [Menkaure (23)]
  3980 | D:5      | Mangled by Menkaure

Vanquished Creatures
  Sigmund (D:4)
  An ogre (D:4)
  A jelly (D:5)
  A gnoll (D:1)
  8 adders
  5 dart slugs
  An orc (D:3)
  6 bats
  4 endoplasms
  2 hobgoblins (D:1)
  4 jackals (D:4)
  5 kobolds
  5 quokkas
  2 ball pythons
  2 frilled lizards (D:3)
  7 goblins
  6 rats
61 creatures vanquished.

Vanquished Creatures (others)
  2 fungi (D:3)
2 creatures vanquished.

Grand Total: 63 creatures vanquished

Table legend:
 A = Non-vault XP
 B = Vault XP
 C = Vault XP percentage of total XP
 D = Non-vault monster count
 E = Vault monster count
 F = Vault count percentage of total count
                 A         B        C        D         E       F
            +---------+---------+-------+---------+---------+-------
      Total |     379 |     226 |  37.4 |      60 |       1 |   1.6
            +---------+---------+-------+---------+---------+-------
        D:1 |      52 |       0 |   0.0 |      22 |       0 |   0.0
        D:2 |      69 |       0 |   0.0 |      13 |       0 |   0.0
        D:3 |      21 |       0 |   0.0 |      12 |       0 |   0.0
        D:4 |     171 |     226 |  56.9 |      10 |       1 |   9.1
        D:5 |      66 |       0 |   0.0 |       3 |       0 |   0.0
            +---------+---------+-------+---------+---------+-------

Illustrated notes

Table legend:
 A = Kills in this place as a percentage of kills in entire the game.
 B = Kills by you in this place as a percentage of kills by you in the entire game.
 C = Kills by friends in this place as a percentage of kills by friends in the entire game.
 D = Other kills in this place as a percentage of other kills in the entire game.
 E = Experience gained in this place as a percentage of experience gained in the entire game.
 F = Experience gained in this place divided by the number of levels of this place that you have seen.
                   A       B       C       D       E      F
               +-------+-------+-------+-------+-------+----------------------
         Total | 100.0 | 100.0 |   N/A |   N/A | 100.0 | 121.0
       Dungeon | 100.0 | 100.0 |   N/A |   N/A | 100.0 | 121.0
               +-------+-------+-------+-------+-------+----------------------

Table legend: (Time is in decaauts)
 A = Elapsed time spent in this place.
 B = Non-inter-level travel time spent in this place.
 C = Inter-level travel time spent in this place.
 D = Time resting spent in this place.
 E = Time spent auto-exploring this place.
 F = Levels seen in this place.
 G = Mean time per level.
                   A        B        C        D        E       F      G
               +--------+--------+--------+--------+--------+-----+--------+
         Total |   4040 |   3903 |    137 |    212 |   3098 |   5 |  808.0 |
       Dungeon |   4040 |   3903 |    137 |    212 |   3098 |   5 |  808.0 |
               +--------+--------+--------+--------+--------+-----+--------+

Top non-repeatable levels by time:
     D:1: 1148 daAuts
     D:4: 1074 daAuts
     D:2: 879 daAuts
     D:3: 661 daAuts
     D:5: 277 daAuts
